 Dungeon Crawl Stone Soup version 0.31-a0-846-gb3bcc0d938 (webtiles) character file.

Game seed: 43837879626460788

23803 D12ThenQuit the Fighter (level 12, 101/101 HPs)
             Began as a Demonspawn Chaos Knight on Oct 3, 2023.
             Was a Priest of Okawaru.
             Got out of the dungeon alive.
             The game lasted 00:44:30 (15063 turns).

D12ThenQuit the Fighter (Demonspawn Chaos Knight)  Turns: 15063, Time: 00:44:30

Health: 101/101    AC: 20    Str: 23    XL:     12   Next: 75%
Magic:  14/14      EV: 18    Int: 13    God:    Okawaru [***...]
Gold:   584        SH:  0    Dex: 17    Spells: 11/11 levels left

rFire   x . .        b - +8 orcbow of the Extremely Mad {freeze, rElec}
rCold   + + .        (shield currently unavailable)
rNeg    . . .        R - +5 ring mail "Noetwulo" {Rampage rF- rC++ Str+3}
rPois   +            (helmet restricted)
rElec   +            w - +2 cloak
rCorr   .            A - +0 pair of gloves
SInv    .            O - +1 pair of boots
Will    +....        (no amulet)
Stlth   +++          x - +4 ring of protection
HPRegen 0.36/turn    F - +5 ring of evasion
MPRegen 0.14/turn

%: rampage
@: no status effects
A: horns 2, powered by death 1, spiny 2, big brain 1, claws 1, agile 1, low MP
1, strong-willed 1, poison resistance, strong 1, no potion heal 1
a: Renounce Religion, Heroism


You escaped.
You worshipped Okawaru.
Okawaru was most pleased with you.
You visited 3 branches of the dungeon, and saw 15 of its levels.
You visited the Abyss 1 time.

You collected 843 gold pieces.
You spent 259 gold pieces at shops.

Inventory:

Hand Weapons
 a - a +5 dagger
 b - the +8 orcbow of the Extremely Mad (weapon) {freeze, rElec}
   (You found it on level 11 of the Dungeon)

   rElec:     It insulates you from electricity.
 d - a +0 spear of chaos
 C - a +1 dagger of chaos
 L - a +1 dagger of venom
Missiles
 n - 60 poisoned darts
 B - 3 curare-tipped darts
 H - a throwing net
Armour
 q - a +2 leather armour
 w - a +2 cloak (worn)
 A - a +0 pair of gloves (worn)
 I - a +0 buckler
 O - a +1 pair of boots (worn)
 P - a +2 robe of resistance
 R - the +5 ring mail "Noetwulo" (worn) {Rampage rF- rC++ Str+3}
   (You found it on level 1 of the Lair of Beasts)

   Str+3:     It affects your strength (+3).
   rF-:       It makes you vulnerable to fire.
   rC++:      It greatly protects you from cold.
   Rampage:   It bestows one free step when moving towards enemies.
Jewellery
 f - a ring of protection from cold
 o - a ring of see invisible
 x - a +4 ring of protection (left hand)
 F - a +5 ring of evasion (right hand)
Wands
 r - a wand of paralysis (19)
 s - a wand of polymorph (19)
 y - a wand of flame (45)
 S - a wand of roots (7)
Scrolls
 c - 2 scrolls of noise
 g - 3 scrolls of teleportation
 h - 4 scrolls of immolation
 i - a scroll of torment
 t - 3 scrolls of enchant armour
 u - 2 scrolls of identify
 v - 5 scrolls of amnesia
 G - 2 scrolls of fog
 K - 2 scrolls of revelation {unknown}
 M - a scroll of enchant weapon
 N - a scroll of vulnerability
 Q - a scroll of blinking
Potions
 e - 3 potions of heal wounds
 j - 2 potions of attraction
 k - 4 potions of brilliance
 l - a potion of haste
 m - 4 potions of curing
 p - 5 potions of mutation
 z - 5 potions of ambrosia
 D - a potion of lignification
 E - a potion of resistance
 J - 2 potions of degeneration
 T - a potion of magic {unknown}


   Skills:
 - Level 11.7 Fighting
 - Level 10.0 Short Blades
 - Level 2.6 Polearms
 + Level 11.2 Ranged Weapons
 - Level 1.7 Armour
 - Level 4.4 Dodging
 - Level 6.5 Stealth
 - Level 5.0 Invocations


You had 11 spell levels left.
You didn't know any spells.
Your spell library contained the following spells:

 Spells                   Type           Power      Damage    Failure   Level
 Necrotise                Necr           0%         1d4       43%         1
 Dazzling Flash           Conj/Hex       0%         N/A       82%         3
 Vampiric Draining        Necr           0%         2d6       82%         3
 Volatile Blastmotes      Fire/Tloc      0%         2d10      82%         3
 Fulminant Prism          Conj/Hex       0%         3d5       99%         4
 Iskenderun's Mystic Bla  Conj/Tloc      0%         2d3       99%         4
 Agony                    Necr           0%         N/A       100%        5
 Iskenderun's Battlesphe  Conj           0%         2d6       100%        5
 Silence                  Hex/Air        0%         N/A       100%        5
 Bombard                  Conj/Erth      0%         9d1       100%        6
 Spellforged Servitor     Conj/Summ      Unusable   N/A       N/A         7

Dungeon Overview and Level Annotations

Branches:
Dungeon (12/15)            Temple (1/1) D:5            Lair (2/5) D:11
    Orc (0/2) D:12
  Swamp: Lair:2-3    Shoals: Lair:2-3     Snake: Lair:2-3    Spider: Lair:2-3

Altars:
Ashenzari
Cheibriados
Dithmenos
Fedhas
Gozag
Hepliaklqana
Kikubaaqudgha
Makhleb
Nemelex Xobeh
Okawaru
Qazlal
Ru
Sif Muna
Trog
Uskayaw
Vehumet
Wu Jian
Xom
Yredelemnul

Shops:
D:3 ?   D:7 [

Annotations:
Lair:2 Nergalle


Innate Abilities, Weirdness & Mutations

You have a pair of horns on your head.
You regenerate a little health from kills.
You are mostly covered in sharp spines.
You have an unusually large brain. (Int +2)
You have sharp fingernails.
You are agile. (Dex +4, Str/Int -1)
Your magical capacity is low. (-10% MP)
You are strong-willed. (Will+)
Your system is resistant to poisons. (rPois)
Your muscles are strong. (Str +4, Int/Dex -1)
Potions are less effective at restoring your health.


Message History

There is a stone staircase leading up here.
You climb upwards.
There is a stone staircase leading down here.
You see here a +0 mace.
There is a stone staircase leading up here.
You climb upwards.
There is a stone staircase leading down here.
There is a stone staircase leading up here.
You climb upwards.
There is a stone staircase leading down here.
There is a stone staircase leading up, spattered with blood here.
You climb upwards.
There is a stone staircase leading down here.
There is a stone staircase leading up here.
You climb upwards.
There is a stone staircase leading down here.
There is a stone staircase leading up here.
You climb upwards.
There is a stone staircase leading down here.
There is a stone staircase leading up here.
There is a stone staircase leading up here.
You climb upwards.
There is a stone staircase leading down here.
There is a stone staircase leading up here.
You climb upwards.
There is a stone staircase leading down here.
There is a stone staircase leading up here.
You climb upwards.
There is a stone staircase leading down here.
There is a stone staircase leading up here.
You climb upwards.
There is a stone staircase leading down here.
There is an open door here.
There is a stone staircase leading up here.
You climb upwards.
There is a stone staircase leading down here.
There is an open door, spattered with blood here.
There is an escape hatch in the floor here.
There is a staircase leading out of the dungeon here.
You have escaped!

#.######## #....##
###.#......################....#.
....#..........................#.
#####.......###..##...####.....#.
....+.......#.#.....^..# #.......
#####......#......P....###.......
....#........P.PP♣PPP...##.......
....#######..P.PP♣♣♣.PP∩.........
....# #.♣♣P.@.♣P.PP....#.....
###########.PP♣P.P♣PPP...#.#.####
'.........#..PP...PP.....#...####
#.........##.^.....P⌠..#.........
##........#.......(...##...###...
##........#.PP...P...####..#...#.
####..###.#.P♣PP..P.#..........Z.
.# ##..##.#.P♣♣PP..##....#######Z
.# ##..#.#..P.P..###....# ##


There were no monsters in sight!

Vanquished Creatures
  A hydra (Lair:2)
  Erica (D:9)
  5 two-headed ogres
  Amaemon (Lair:2)
  Pikel (D:7)
  A deep elf pyromancer (D:10)
  A deep elf zephyrmancer (D:7)
  A cyclops (D:11)
  2 manticores
  Joseph (D:9)
  A black mamba (Lair:1)
  An orange demon (Lair:2)
  2 cane toads (Lair:2)
  An unseen horror (D:11)
  A gargoyle (D:11)
  A rime drake (Lair:2)
  Psyche (D:9)
  A kobold demonologist (D:12)
  Jeremiah (D:9)
  An efreet (Lair:2)
  4 komodo dragons
  2 trolls
  A blink frog (Lair:1)
  4 slime creatures (D:12)
  3 wyverns
  2 vampires (D:12)
  16 yaks
  2 culicivoras (Lair:2)
  2 wraiths (D:12)
  A basilisk (D:12)
  A redback (Lair:2)
  8 vampire mosquitoes
  A steam dragon (D:10)
  Menkaure (D:7)
  Edmund (D:5)
  Duvessa (D:7)
  2 acid dragons
  11 water moccasins
  5 orc warriors
  A sky beast (D:7)
  2 black bears
  A wolf (shapeshifter) (D:4)
  A boggart (D:6)
  4 wolves (Lair:1)
  2 centaurs
  3 lemures
  6 kobold brigands
  5 bullfrogs
  2 gnoll sergeants (D:8)
  A scorpion (D:7)
  A wight (D:8)
  Dowan (D:7)
  2 killer bees
  3 howler monkeys
  4 jellies
  A gnoll bouda (D:5)
  9 orc priests
  2 hounds
  A sleepcap (D:8)
  An iguana (D:6)
  5 hell rats (Lair:2)
  10 orc wizards
  7 gnolls
  5 adders
  2 white imps
  An ufetubus (D:7)
  2 worms (D:4)
  2 dart slugs
  29 orcs
  11 ball pythons
  4 bats
  7 endoplasms
  A giant cockroach (D:1)
  5 goblins
  5 hobgoblins
  7 jackals
  5 quokkas
  3 frilled lizards
  26 kobolds
  2 rats
286 creatures vanquished.

Vanquished Creatures (collateral kills)
  A gargoyle (D:8)
  A blink frog (Lair:1)
  A bullfrog (Lair:1)
  A gnoll bouda (D:7)
  A sleepcap (D:6)
  4 gnolls (D:7)
9 creatures vanquished.

Vanquished Creatures (others)
  A dancing weapon (D:8)
  A worldbinder (Abyss:2)
  3 starspawn tentacles (Abyss:2)
5 creatures vanquished.

Grand Total: 300 creatures vanquished

Notes
Turn   | Place    | Note
-------+----------+-------------------------------------------
     0 | D:1      | D12ThenQuit the Demonspawn Chaos Knight began the quest for
                  | the Orb.
     0 | D:1      | Reached XP level 1. HP: 18/18 MP: 1/1
    21 | D:1      | Reached skill level 1 in Dodging
   105 | D:1      | XOM: potion effect (invisibility)
   114 | D:1      | Gained mutation: You are partially covered in sharp spines.
                  | [demonic ancestry]
   114 | D:1      | Reached XP level 2. HP: 24/24 MP: 2/2
   140 | D:1      | XOM: divination: detect items
   464 | D:1      | XOM: stat loss: -1 Dex (11/12)
   602 | D:1      | XOM: noise
   609 | D:1      | Gained mutation: You have a pair of small horns on your
                  | head. [demonic ancestry]
   609 | D:1      | Reached XP level 3. HP: 27/29 MP: 3/3
   933 | D:2      | XOM: 9-stop teleportation journey
  1021 | D:2      | XOM: noise
  1448 | D:2      | XOM: noise
  1627 | D:2      | XOM: stat loss: -1 Str (13/14)
  1759 | D:3      | Found a faded altar of an unknown god.
  1803 | D:3      | Reached XP level 4. HP: 33/37 MP: 4/4
  2104 | D:3      | XOM: silly message
  2246 | D:3      | XOM: divination: magic mapping
  2275 | D:3      | Found Lamuozoc's Magic Scroll Boutique.
  2281 | D:3      | Bought a scroll of identify for 28 gold pieces
  2307 | D:4      | Noticed an ogre
  2316 | D:4      | an ogre changed into a glowing shapeshifter
  2316 | D:4      | Noticed a glowing shapeshifter (glowing shapeshifter)
  2316 | D:4      | a glowing shapeshifter changed into a merfolk
  2316 | D:4      | Noticed a merfolk (glowing shapeshifter)
  2317 | D:4      | XOM: enchant monster (good)
  2317 | D:4      | a merfolk changed into a skyshark
  2317 | D:4      | Noticed a skyshark (glowing shapeshifter)
  2320 | D:4      | Found a stormy altar of Qazlal.
  2580 | D:4      | XOM: god gift: +0 great mace of holy wrath
  2657 | D:4      | Reached skill level 1 in Short Blades
  2775 | D:4      | XOM: 1-stop teleportation journey
  2778 | D:5      | Entered Level 5 of the Dungeon
  2788 | D:5      | Noticed a water moccasin
  2799 | D:5      | Killed a water moccasin
  2800 | D:5      | Reached XP level 5. HP: 28/42 MP: 5/5
  2909 | D:5      | Noticed Edmund
  2959 | D:4      | an iguana changed into a wolf
  2959 | D:4      | Noticed a wolf (glowing shapeshifter)
  2965 | D:4      | Killed a wolf
  2966 | D:4      | Reached XP level 6. HP: 27/48 MP: 6/6
  3258 | D:4      | Found an ancient bone altar of Kikubaaqudgha.
  3266 | D:4      | Found a shimmering blue altar of Sif Muna.
  3268 | D:4      | Found a shadowy altar of Dithmenos.
  3271 | D:4      | Found an opulent altar of Gozag.
  3273 | D:4      | Found a sacrificial altar of Ru.
  3410 | D:4      | XOM: god gift: 2 javelins
  3549 | D:5      | XOM: god gift: 3 scrolls labelled MAKODI KIYSEO {god gift}
  3589 | D:5      | Found a staircase to the Ecumenical Temple.
  3709 | D:5      | Killed Edmund
  3710 | D:5      | Reached skill level 5 in Short Blades
  4086 | D:5      | Gained mutation: You have an unusually large brain. (Int
                  | +2) [demonic ancestry]
  4086 | D:5      | Reached XP level 7. HP: 34/54 MP: 7/7
  4095 | D:5      | HP: 2/54 [orc priest/+1 whip of venom (5)]
  4426 | D:5      | XOM: silly message
  4960 | D:5      | XOM: give mutations
  4960 | D:5      | Gained mutation: Your system is resistant to poisons.
                  | (rPois) [Xom's grace]
  4960 | D:5      | Gained mutation: You are strong-willed. (Will+) [Xom's
                  | grace]
  4994 | D:5      | Reached skill level 1 in Stealth
  5026 | D:6      | Noticed a two-headed ogre
  5037 | D:6      | XOM: butterfly on damage
  5038 | D:6      | Killed a two-headed ogre
  5039 | D:6      | Reached XP level 8. HP: 37/60 MP: 8/8
  5355 | D:6      | Reached skill level 5 in Fighting
  5362 | D:6      | XOM: give mutations
  5362 | D:6      | Lost mutation: You are strong-willed. (Will+) [Xom's
                  | mischief]
  5362 | D:6      | Gained mutation: You are agile. (Dex +4, Str/Int -1) [Xom's
                  | mischief]
  5454 | D:6      | XOM: polymorph gnoll bouda -> boggart
  5469 | D:6      | You fall into a shaft and drop 1 floor!
  5469 | D:7      | Found a blossoming altar of Fedhas.
  5473 | D:7      | Found Guthragua's Armour Emporium.
  5477 | D:7      | Noticed Dowan
  5487 | D:7      | Noticed Duvessa
  5490 | D:7      | Killed Dowan
  5491 | D:7      | Bought a +2 cloak for 231 gold pieces
  5496 | D:7      | Killed Duvessa
  5817 | D:6      | XOM: give mutations
  5817 | D:6      | Gained mutation: Your magical capacity is low. (-10% MP)
                  | [Xom's mischief]
  5817 | D:6      | Gained mutation: Your muscles are strong. (Str +4, Int/Dex
                  | -1) [Xom's mischief]
  5820 | D:6      | Found a burning altar of Makhleb.
  6044 | D:6      | XOM: summons 5 hostile demons
  6276 | D:7      | Reached XP level 9. HP: 72/72 MP: 8/8
  6295 | D:7      | Noticed Menkaure
  6316 | D:7      | Killed Menkaure
  6447 | D:7      | Noticed Pikel
  6468 | D:7      | XOM: divination: detect creatures
  6769 | D:7      | Noticed a deep elf zephyrmancer
  6774 | D:7      | XOM: confusion
  6779 | D:7      | XOM: fog
  6817 | D:7      | Killed Pikel
  6876 | D:7      | XOM: summons 3 hostile shadow creatures
  7129 | D:8      | XOM: summons 3 hostile demons
  7169 | D:8      | Noticed a two-headed ogre
  7269 | D:8      | Killed a two-headed ogre
  7270 | D:8      | Reached skill level 10 in Fighting
  7281 | D:8      | XOM: chaos upgrade
  7447 | D:8      | XOM: 2-stop teleportation journey
  7449 | D:8      | Gained mutation: You have a pair of horns on your head.
                  | [demonic ancestry]
  7449 | D:8      | Reached XP level 10. HP: 79/87 MP: 9/9
  7455 | D:8      | Noticed a gargoyle
  7629 | D:8      | Noticed a two-headed ogre
  7631 | D:8      | XOM: chaos upgrade
  7634 | D:8      | XOM: confuse monster(s)
  7636 | D:8      | XOM: butterfly on damage
  7637 | D:8      | Killed a two-headed ogre
  7662 | D:8      | Killed a gargoyle
  7665 | D:8      | XOM: 1-stop teleportation journey
  7765 | D:8      | XOM: 1-stop teleportation journey
  8286 | D:8      | XOM: summons 5 hostile demons
  8844 | D:9      | Noticed a two-headed ogre
  8849 | D:9      | XOM: potion effect (brilliance)
  8856 | D:9      | XOM: cast spell 'Olgreb's Toxic Radiance'
  8861 | D:9      | Killed a two-headed ogre
  8953 | D:9      | Noticed Psyche
  8963 | D:9      | Noticed Joseph
  8967 | D:9      | XOM: divination: magic mapping
  8998 | D:9      | XOM: summons friendly quasit
  9006 | D:9      | XOM: fog
  9007 | Abyss:2  | Cast into level 2 of the Abyss (Psyche)
  9023 | Abyss:2  | Noticed a wretched star
  9042 | Abyss:2  | XOM: fog
  9076 | Abyss:2  | Noticed a worldbinder
  9086 | Abyss:2  | Killed a worldbinder
  9086 | Abyss:2  | XOM: divine lightning
  9135 | Abyss:2  | Noticed a starcursed mass
  9147 | Abyss:2  | Noticed a smoke demon
  9151 | Abyss:2  | Noticed a starcursed mass
  9151 | Abyss:2  | XOM: enchant monster (good)
  9156 | Abyss:2  | XOM: scenery: summon butterflies
  9165 | Abyss:2  | Noticed a tentacled starspawn
  9167 | Abyss:2  | XOM: enchant monster (good)
  9201 | D:9      | Escaped the Abyss
  9363 | D:9      | Noticed Jeremiah
  9365 | D:9      | Noticed Erica
  9389 | D:10     | Entered Level 10 of the Dungeon
  9441 | D:10     | XOM: god gift: scroll of enchant armour
  9581 | D:10     | XOM: scenery: create altars
  9624 | D:10     | Gained mutation: You regenerate a little health from kills.
                  | [demonic ancestry]
  9624 | D:10     | Reached XP level 11. HP: 95/95 MP: 9/9
  9658 | D:10     | XOM: divination: magic mapping
  9947 | D:10     | Noticed a deep elf pyromancer
  9949 | D:10     | Killed a deep elf pyromancer
  9950 | D:10     | Reached skill level 10 in Short Blades
 10598 | D:11     | XOM: summons friendly iron imp
 10622 | D:11     | Found a staircase to the Lair.
 10634 | D:11     | Identified the +8 orcbow of the Extremely Mad {freeze,
                  | rElec}
 10641 | Lair:1   | Entered Level 1 of the Lair of Beasts
 10665 | Lair:1   | XOM: give mutations
 10665 | Lair:1   | Gained mutation: You have sharp fingernails. [Xom's grace]
 10665 | Lair:1   | Gained mutation: You have a pair of large horns on your
                  | head. [Xom's grace]
 10665 | Lair:1   | Gained mutation: You are strong-willed. (Will+) [Xom's
                  | grace]
 10670 | Lair:1   | XOM: god gift: silver javelin
 10675 | Lair:1   | Reached skill level 1 in Ranged Weapons
 11027 | Lair:1   | XOM: fog
 11040 | Lair:1   | XOM: confuse monster(s)
 11046 | Lair:1   | Reached skill level 5 in Ranged Weapons
 11067 | Lair:1   | XOM: cast spell 'Death Channel'
 11075 | Lair:1   | XOM: polymorph blink frog -> black bear
 11267 | Lair:1   | Identified the +5 ring mail "Noetwulo" {Rampage rF- rC++
                  | Str+3}
 11518 | Lair:1   | XOM: divination: detect items
 11593 | Lair:2   | Noticed a seven-headed hydra
 11594 | Lair:2   | XOM: summons friendly white imp
 11595 | Lair:2   | XOM: 1-stop teleportation journey
 11860 | Lair:2   | Noticed Amaemon
 11880 | Lair:2   | XOM: polymorph scorpion -> hound
 11886 | Lair:2   | Killed Amaemon
 12129 | Lair:2   | Noticed Nergalle
 12180 | Lair:2   | XOM: enchant monster (good)
 12182 | Lair:2   | Noticed a seven-headed hydra
 12186 | Lair:2   | Gained mutation: You are mostly covered in sharp spines.
                  | [demonic ancestry]
 12186 | Lair:2   | Reached XP level 12. HP: 93/101 MP: 10/10
 12195 | Lair:2   | Killed a seven-headed hydra
 12210 | Lair:2   | XOM: polymorph hell rat -> efreet
 12211 | Lair:2   | XOM: silly message
 12219 | Lair:2   | XOM: 1-stop teleportation journey
 12225 | Lair:2   | XOM: fog
 12243 | Lair:2   | a seven-headed hydra changed into an alligator
 12243 | Lair:2   | Noticed an alligator
 12243 | Lair:2   | XOM: polymorph seven-headed hydra -> alligator
 12324 | D:11     | XOM: divination: detect creatures
 12456 | Temple   | Entered the Ecumenical Temple
 12464 | Temple   | Fell from the grace of Xom
 12464 | Temple   | Became a worshipper of Warmaster Okawaru
 12587 | D:7      | Reached skill level 1 in Invocations
 12713 | D:8      | XOM: scenery: summon butterflies
 12784 | D:9      | Killed Psyche
 12830 | D:9      | Killed Erica
 12870 | D:9      | Killed Jeremiah
 12893 | D:9      | Killed Joseph
 12999 | D:9      | XOM: give mutations
 12999 | D:9      | Gained mutation: You are vulnerable to cold. (rC-) [Xom's
                  | mischief]
 12999 | D:9      | Lost mutation: You have a pair of large horns on your head.
                  | [Xom's mischief]
 12999 | D:9      | Gained mutation: You are covered in fur. (AC +1) [Xom's
                  | mischief]
 12999 | D:9      | Gained mutation: You are occasionally teleported next to
                  | monsters. [Xom's mischief]
 13068 | D:9      | Reached * piety under Okawaru
 13544 | D:11     | XOM: summons 3 hostile demons
 13856 | D:11     | Reached skill level 5 in Invocations
 13910 | D:11     | Noticed a two-headed ogre
 13916 | D:11     | Killed a two-headed ogre
 13964 | D:11     | Reached skill level 10 in Ranged Weapons
 13966 | D:11     | Reached ** piety under Okawaru
 14215 | D:12     | XOM: give mutations
 14215 | D:12     | Gained mutation: Potions are less effective at restoring
                  | your health. [Xom's mischief]
 14215 | D:12     | Lost mutation: You are occasionally teleported next to
                  | monsters. [Xom's mischief]
 14215 | D:12     | Lost mutation: You are vulnerable to cold. (rC-) [Xom's
                  | mischief]
 14215 | D:12     | Lost mutation: You are covered in fur. (AC +1) [Xom's
                  | mischief]
 14366 | D:12     | XOM: enchant monster (bad)
 14369 | D:12     | Reached *** piety under Okawaru
 14673 | D:12     | Found a staircase to the Orcish Mines.
 15063 | D:$      | Got out of the dungeon alive.

Illustrated notes

Levels and vault maps discovered:
D:1:      spicycebolla_arrival_clurvy, layout_basic, serial_curves,
          eino_curves_04, eino_curves_02, eino_curves_01, minmay_small_reverse_x
D:2:      layout_loops_corners, eino_tiny_chamber, nicolae_the_louvre
D:3:      layout_loops_cross, serial_shops, shop,
          hellmonk_ecumenical_altar_slurped_away
D:4:      layout_loops_ring, nicolae_qazlal_scattered_showers, minitemple,
          minmay_statues_item, minmay_misc_feat_tiny
D:5:      layout_loops_ring, minmay_temple_entry_proselytizer, uniq_edmund
D:6:      layout_cave_pools, lemuel_crystal_altar, minmay_misc_feat_alley
D:7:      layout_rooms, overflow_temple_1_default, serial_shops, shop,
          guppyfry_early_elven_hall, uniq_menkaure, uniq_duvessa, uniq_pikel
D:8:      layout_basic, kennysheep_kite_vault
D:9:      layout_basic, nicolae_houndstooth_variations, uniq_jeremiah,
          uniq_psyche, uniq_erica, uniq_joseph
D:10:     layout_basic
D:11:     layout_basic, lair_entry_dummy, grunt_ministairs_15
D:12:     layout_gridville, orc_0_dummy
Temple:   nicolae_temple_two_arcs
Lair:1:   layout_gridlike, infiniplex_staircase_pool, grunt_megastairs_2,
          lemuel_fruit_tree
Lair:2:   layout_loops_ring, elwin_shoals_entry_rocks,
          nicolae_spider_entry_tight_spaces, special_room [special_room_bee],
          uniq_nergalle, uniq_amaemon

Skill      XL: |  1  2  3  4  5  6  7  8  9 10 11 12 |
---------------+-------------------------------------+-----
Dodging        | 1 2 4 |  4.4
Fighting       | 4 7 11 | 11.7
Short Blades   | 3 4 5 6 9 10 | 10.0
Stealth        | 6 |  6.5
Ranged Weapons | 8 11 | 11.2
Invocations    | 5 |  5.0
Polearms       | |  2.6
Armour         | |  1.7

Action                     |  1- 3 |  4- 6 |  7- 9 | 10-12 || total
---------------------------+-------+-------+-------+-------++-------
  Melee: Spear             |    98 |    23 |       |       ||   121
         Punch             |     1 |     2 |     4 |     9 ||    16
         Headbutt          |     4 |    22 |    65 |    97 ||   188
         Dagger            |       |    99 |   267 |   406 ||   772
         Unarmed           |       |     1 |       |       ||     1
   Fire: Orcbow            |       |       |       |   276 ||   276
  Throw: Dart              |       |     7 |       |     2 ||     9
  Evoke: Wand              |       |     1 |     3 |     2 ||     6
    Use: Scroll            |       |    13 |    10 |    11 ||    34
         Potion            |       |     1 |     3 |     6 ||    10
   Stab: Invisible         |     2 |       |       |       ||     2
         Sleeping          |     2 |       |     8 |     8 ||    18
         Paralysed         |       |     3 |     2 |     1 ||     6
         Distracted        |       |       |     1 |     1 ||     2
         Confused          |       |       |       |     1 ||     1
 Armour: Leather armour    |    28 |    46 |   156 |   162 ||   392
         Ring mail         |       |       |       |   105 ||   105
  Dodge: Dodged            |    33 |    35 |   129 |   329 ||   526

Table legend: (Time is in decaauts)
 A = Elapsed time spent in this place.
 B = Non-inter-level travel time spent in this place.
 C = Inter-level travel time spent in this place.
 D = Time resting spent in this place.
 E = Time spent auto-exploring this place.
 F = Levels seen in this place.
 G = Mean time per level.
                   A        B        C        D        E       F      G
               +--------+--------+--------+--------+--------+-----+--------+
         Total |  14796 |  13602 |   1194 |   2166 |   7090 |  16 |  924.8 |
       Dungeon |  12983 |  11870 |   1113 |   1852 |   6399 |  12 | 1081.9 |
        Temple |     16 |     16 |      0 |      0 |      0 |   1 |   16.0 |
          Lair |   1603 |   1523 |     80 |    314 |    691 |   2 |  801.5 |
         Abyss |    192 |    192 |      0 |      0 |      0 |   1 |  192.0 |
               +--------+--------+--------+--------+--------+-----+--------+

Top non-repeatable levels by time:
     D:8: 1707 daAuts
     D:5: 1554 daAuts
    D:11: 1299 daAuts
     D:9: 1155 daAuts
     D:6: 1150 daAuts
  Lair:1: 1130 daAuts
     D:4: 1086 daAuts
     D:7: 1000 daAuts
     D:1: 898 daAuts
     D:2: 837 daAuts
    D:12: 836 daAuts
    D:10: 769 daAuts
     D:3: 688 daAuts
  Lair:2: 472 daAuts
 Abyss:2: 192 daAuts
